 Dungeon Crawl Stone Soup version 0.27-a0-1416-g941b2bd30b (webtiles) character file.

Game seed: 13550306309678266921

542 quinnr the Zephyrmancer (level 7, -3/34 HPs)
             Began as a Tengu Air Elementalist on July 2, 2021.
             Slain by a scorpion (5 damage)
             ... on level 4 of the Dungeon.
             The game lasted 00:16:37 (3984 turns).

quinnr the Zephyrmancer (Tengu Air Elementalist)    Turns: 3984, Time: 00:16:37

Health: -3/34      AC:  2    Str:  8    XL:     7   Next: 27%
Magic:  1/11       EV: 14    Int: 13    God:
Gold:   145        SH:  0    Dex: 14    Spells: 4/11 levels left

rFire    . . .     SeeInvis +   p - +5 spear of the Pit {vorpal, rPois Int-5 SInv Stlth+}
rCold    . . .     Faith    .   (no shield)
rNeg     . . .     Spirit   .   a - +0 robe
rPois    +         Reflect  .   (helmet restricted)
rElec    .         Harm     .   (no cloak)
rCorr    .         Rampage  .   (no gloves)
Will     .....                  (boots unavailable)
Stlth    ++++......             (no amulet)
HPRegen  0.11/turn              (no ring)
MPRegen  0.12/turn              (no ring)

@: flying quickly and evasively, studying Stealth, quick
A: beak, talons 3, nimble flight, frail 1, mutation resistance 1
a: no special abilities


You were on level 4 of the Dungeon.
You visited 1 branch of the dungeon, and saw 5 of its levels.

You collected 145 gold pieces.

Inventory:

Hand Weapons
 p - the +5 spear of the Pit (weapon) {vorpal, rPois Int-5 SInv Stlth+}
   (You found it on level 5 of the Dungeon)

   It inflicts extra damage upon your enemies.
   Int:       It affects your intelligence (-5).
   rPois:     It protects you from poison.
   SInv:      It lets you see invisible.
   Stlth:     It makes you more stealthy.
Missiles
 n - 2 curare-tipped darts
Armour
 a - a +0 robe (worn)
Magical Staves
 j - a staff of air
Scrolls
 b - a scroll of teleportation {unknown}
 c - a scroll of torment {unknown}
 d - a scroll of enchant armour {unknown}
 e - 2 scrolls of fog {unknown}
 g - 4 scrolls of identify {unknown}
 h - a scroll of silence {unknown}
 m - a scroll of vulnerability {unknown}
 o - a scroll of fear {unknown}
Potions
 f - a potion of mutation
 i - a potion of cancellation {unknown}
 k - 2 potions of curing {unknown}
 l - a potion of haste {unknown}


   Skills:
 + Level 1.3 Fighting
 - Level 2.2 Dodging
 - Level 4.0 Stealth
 + Level 2.6 Spellcasting
 - Level 2.0 Conjurations
 - Level 9.1 Air Magic
 + Level 1.4 Poison Magic


You had 4 spell levels left.
You knew the following spells:

 Your Spells              Type           Power      Damage    Failure   Level
a - Shock                 Conj/Air       64%        1d7       2%          1
b - Poisonous Vapours     Pois/Air       30%        N/A       4%          2
c - Airstrike             Air            12%        N/A       5%          4

Your spell library contained the following spells:

 Spells                   Type           Power      Damage    Failure   Level
 Swiftness                Air            25%        N/A       1%          3
 Static Discharge         Conj/Air       16%        N/A       3%          2
 Sting                    Tmut/Pois      12%        1d3       19%         1
 Beastly Appendage        Tmut           2%         N/A       24%         1
 Sublimation of Blood     Necr           0%         N/A       36%         2
 Wereblood                Tmut           1%         N/A       36%         2
 Spider Form              Tmut/Pois      1%         N/A       47%         3
 Olgreb's Toxic Radiance  Pois           5%         N/A       80%         4
 Lightning Bolt           Conj/Air       8%         1d20      56%         5
 Summon Hydra             Summ           0%         N/A       100%        7


Dungeon Overview and Level Annotations

Branches:
Dungeon (5/15)             Temple (0/1) D:4

Altars:

Annotations:
D:2 exclusion: scorpion


Innate Abilities, Weirdness & Mutations

You have a beak for a mouth.
You have claws for feet.
Your magical nature lets you fly swiftly and evasively.
You are frail. (-10% HP)
You are somewhat resistant to further mutation.


Message History

The orc is almost dead.
The scorpion stings you.
You fly upwards.
There is a stone staircase leading down here.
Unknown command.
Casting: Shock (safe; 2% risk of failure)
Confirm with . or Enter, or press ? or * to list all spells.
Aiming: Poisonous Vapours (safe; 4% risk of failure)
Press: ? - help, Dir - move target, f - scorpion
Aim: a scorpion Poisonous vapours surround the scorpion!
The scorpion is poisoned.
The scorpion stings you.
You are poisoned.
The scorpion poisons you!
You feel very sick.
You feel sick. The scorpion barely misses you.
You feel sick.
You feel sick.
You feel sick.
The scorpion looks more healthy.
You feel sick.
You feel sick.
You feel sick.
You are no longer poisoned.
Okay, then.
Casting: Poisonous Vapours (safe; 4% risk of failure)
Confirm with . or Enter, or press ? or * to list all spells.
Okay, then.
The scorpion stings you.
* * * LOW HITPOINT WARNING * * *
Unknown command.
The scorpion stings you.
* * * LOW HITPOINT WARNING * * *
Casting: Poisonous Vapours (safe; 4% risk of failure)
Confirm with . or Enter, or press ? or * to list all spells.
Aiming: Poisonous Vapours (safe; 4% risk of failure)
Press: ? - help, Dir - move target, f/p - scorpion
Aim: a scorpion (severely wounded) Poisonous vapours surround the scorpion!
The scorpion is poisoned.
The scorpion stings you.
You die...

..# ###...#####.....# ..#
##.#..# #.#...# ###
#####..##.####.....# #.
#.#....(#.##....#### #.>
#.......#....#..# #..
###.....##..#..## #.#.#
########....##
#...###########..##
#.>.#..#........@.# #
#..........##s#### #
#................######## #
#..#........†.>..#..>...#
##.#.##......)...#).....#
#...#####..............#
######..######......#......#
#..........# #....).#......#
#..........# #......#......#


You could see a scorpion (poisoned).

Vanquished Creatures
  Eustachio (D:4)
  An ogre (D:5)
  A centaur (D:5)
  A scorpion (D:4)
  An orc priest (D:5)
  An orc wizard (D:5)
  A howler monkey zombie (D:5)
  3 adders
  4 worms
  A dart slug (D:2)
  6 orcs
  5 endoplasms
  A giant cockroach (D:4)
  2 goblins (D:2)
  7 hobgoblins
  7 jackals
  4 quokkas
  7 ball pythons
  4 bats
  3 frilled lizards
  4 kobolds
  2 rats (D:2)
67 creatures vanquished.

Notes
Turn   | Place    | Note
-------+----------+-------------------------------------------
     0 | D:1      | quinnr the Tengu Air Elementalist began the quest for the
                  | Orb.
     0 | D:1      | Reached XP level 1. HP: 10/10 MP: 4/4
    98 | D:1      | Found a faded altar of an unknown god.
   334 | D:1      | Reached XP level 2. HP: 15/15 MP: 4/6
   658 | D:1      | Reached skill level 5 in Air Magic
  1296 | D:2      | Reached XP level 3. HP: 15/19 MP: 4/7
  1378 | D:2      | Noticed a scorpion
  1380 | D:2      | quinnr: ??sublimation of blood
  1380 | D:2      | beem: sublimation of blood[1/1]: Converts HP into MP. Each
                  | MP point costs up to 4 (avg. 1 + 18/pow) HP. There is a
                  | 6/pow chance to stop after each MP point. Never drains more
                  | than 90% of current HP.
  1688 | D:2      | You fall into a shaft and drop 2 floors!
  1692 | D:4      | Learned a level 2 spell: Poisonous Vapours
  1973 | D:4      | Reached skill level 6 in Air Magic
  1973 | D:4      | Reached XP level 4. HP: 24/24 MP: 2/8
  2022 | D:4      | Found a staircase to the Ecumenical Temple.
  2269 | D:4      | Noticed a scorpion
  2281 | D:4      | Killed a scorpion
  2282 | D:4      | Gained mutation: Your magical nature lets you fly swiftly
                  | and evasively. [Tengu growth]
  2282 | D:4      | Reached XP level 5. HP: 20/28 MP: 4/9
  2374 | D:4      | Noticed Eustachio
  2502 | D:4      | Gained mutation: You are frail. (-10% HP) [potion of
                  | mutation]
  2502 | D:4      | Gained mutation: You are somewhat resistant to further
                  | mutation. [potion of mutation]
  2503 | D:4      | Killed Eustachio
  2504 | D:4      | Reached skill level 8 in Air Magic
  2504 | D:4      | Reached XP level 6. HP: 6/28 MP: 0/10
  2984 | D:2      | quinnr: Hello :D
  3207 | D:3      | Learned a level 4 spell: Airstrike
  3325 | D:5      | Entered Level 5 of the Dungeon
  3329 | D:5      | Reached skill level 9 in Air Magic
  3407 | D:5      | Reached XP level 7. HP: 33/33 MP: 4/11
  3520 | D:5      | Identified the +5 spear of the Pit {vorpal, rPois Int-5
                  | SInv Stlth+}
  3760 | D:5      | Reached skill level 1 in Fighting
  3760 | D:5      | Reached skill level 1 in Poison Magic
  3983 | D:4      | HP: 2/34 [scorpion (5)]
  3984 | D:4      | Slain by a scorpion

Illustrated notes

Levels and vault maps discovered:
D:1:      dpeg_arrival_radiant, layout_basic, serial_curves, eino_curves_04,
          eino_curves_03, hellmonk_ecumenical_altar_lost_god,
          kennysheep_nondescript
D:2:      layout_basic, minmay_close_crescents
D:3:      layout_rooms
D:4:      layout_rooms, minmay_temple_entry_from_below_a, uniq_eustachio
D:5:      layout_cave_pools, serial_shops, nicolae_shop_window_shopping

Skill      XL: |  1  2  3  4  5  6  7 |
---------------+----------------------+-----
Air Magic      | 5 6 8 9 |  9.1
Stealth        | 3 4 |  4.0
Conjurations   | 2 |  2.0
Fighting       | 1 |  1.3
Poison Magic   | 1 |  1.4
Dodging        | |  2.2
Spellcasting   | |  2.6

Action                   |  1- 3 |  4- 6 |  7- 9 || total
-------------------------+-------+-------+-------++-------
Melee: Unarmed           |    40 |    10 |       ||    50
       Kick              |     8 |     1 |       ||     9
       Peck              |     6 |     1 |       ||     7
Throw: Dart              |       |     2 |       ||     2
 Cast: Shock             |    76 |    43 |     8 ||   127
       Poisonous Vapours |       |     9 |     6 ||    15
       Airstrike         |       |     4 |     8 ||    12
  Use: Potion            |       |     1 |       ||     1
Armor: Robe              |    14 |     1 |     1 ||    16
Dodge: Dodged            |    38 |    14 |     9 ||    61

Table legend: (Time is in decaauts)
 A = Elapsed time spent in this place.
 B = Non-inter-level travel time spent in this place.
 C = Inter-level travel time spent in this place.
 D = Time resting spent in this place.
 E = Time spent auto-exploring this place.
 F = Levels seen in this place.
 G = Mean time per level.
                   A        B        C        D        E       F      G
               +--------+--------+--------+--------+--------+-----+--------+
         Total |   3935 |   3670 |    265 |    941 |   2192 |   5 |  787.0 |
       Dungeon |   3935 |   3670 |    265 |    941 |   2192 |   5 |  787.0 |
               +--------+--------+--------+--------+--------+-----+--------+

Top non-repeatable levels by time:
     D:4: 1384 daAuts
     D:1: 1251 daAuts
     D:2: 1073 daAuts
     D:5: 150 daAuts
     D:3: 74 daAuts
